 Dungeon Crawl Stone Soup version 0.25.1-8-g42b30a86e7 (webtiles) character file.

Game seed: 6224131555315485531

1541 Gabide the Chopper (level 9, -4/68 HPs)
             Began as a Human Abyssal Knight on Dec 4, 2020.
             Was a Priest of Lugonu.
             Slain by a gnoll
             ... wielding a cursed -2 flail
              (13 damage)
             ... on level 4 of the Dungeon.
             The game lasted 00:16:11 (6916 turns).

Gabide the Chopper (Human Abyssal Knight)           Turns: 6916, Time: 00:16:11

Health: -4/68      AC:  6    Str: 14    XL:     9   Next: 11%
Magic:  12/12      EV: 13    Int: 13    God:    Lugonu [***...]
Gold:   208        SH:  0    Dex: 14    Spells: 8/8 levels left

rFire    + . .     SeeInvis .   m - +0 war axe (flame)
rCold    . . .     Gourm    .   (no shield)
rNeg     . . .     Faith    .   e - +3 leather armour {rF+}
rPois    +         Spirit   .   (no helmet)
rElec    .         Reflect  .   (no cloak)
rCorr    .         Harm     .   (no gloves)
MR       .....                  (no boots)
Stlth    +.........             (no amulet)
HPRegen  0.21/turn              h - ring of poison resistance
MPRegen  0.13/turn              (no ring)

@: no status effects
A: no striking features
a: Depart the Abyss, Bend Space, Banish, Renounce Religion


You were on level 4 of the Dungeon.
You worshipped Lugonu.
Lugonu was most pleased with you.
You were hungry.

You visited 1 branch of the dungeon, and saw 5 of its levels.
You visited the Abyss 1 time.
You also visited: Ossuary.

You collected 208 gold pieces.

Inventory:

Hand Weapons
 a - a +1 spear
 b - a +1 scythe of flaming
 f - a +3 quarterstaff of chaos
 m - a +0 war axe of flaming (weapon)
Armour
 e - a +3 leather armour of fire resistance (worn)
Jewellery
 h - a ring of poison resistance (left hand)
Wands
 l - a wand of iceblast (2)
 s - a wand of enslavement (5)
Scrolls
 d - 2 scrolls of fog
 g - a scroll of teleportation
 k - 4 scrolls of remove curse
 n - 2 scrolls of amnesia
 r - 3 scrolls of identify
Potions
 j - 2 potions of heal wounds
 o - 3 potions of mutation
 p - 4 potions of flight
 q - a potion of stabbing
 t - a potion of haste
 u - 2 potions of curing
 w - a potion of might
 x - a potion of invisibility
Comestibles
 c - 2 rations


   Skills:
 + Level 5.1 Fighting
 * Level 6.3(6.9) Axes
 - Level 4.1(5.8) Polearms
 + Level 0.4 Throwing
 + Level 3.9 Armour
 + Level 3.1 Dodging
 - Level 0.5 Stealth
 * Level 5.1 Invocations
 + Level 0.2 Evocations


You had 8 spell levels left.
You didn't know any spells.
Your spell library was empty.

Dungeon Overview and Level Annotations

Branches:
Dungeon (5/15)            Ossuary (visited)
 Temple: D:4-7

Altars:
Ashenzari
Okawaru
Sif Muna
Yredelemnul

Shops:
D:4 [


Message History

You hit the gnoll. You burn the gnoll.
The gnoll hits you with a cursed -2 flail.
The ogre hits you with a +0 giant club!!
* * * LOW HITPOINT WARNING * * *
Space bends around you!
You blink.
The ogre barely misses you.
Aiming: Iceblast
Press: ? - help, Shift-Dir - straight line, f - ogre
Aim: an ogre, wielding a +0 giant club (heavily wounded)
The mass of ice explodes!
The iceblast engulfs the ogre!
You kill the ogre!
Lugonu accepts your kill.
You are too injured to fight recklessly!
You barely miss the gnoll.
The gnoll is heavily wounded.
The gnoll hits you with a cursed -2 flail.
* * * LOW HITPOINT WARNING * * *
You closely miss the gnoll.
The gnoll is heavily wounded.
The gnoll hits you with a cursed -2 flail!
You die...

##...## #.# #.... #.###.##
#.# #.##. #.# #..# #.#
#.##. #.###..# #.# #.##.
##...#.# #.# #.##. ###
##.##.###.#####.#.. ##.##
#.##........>.....
##.#.###.##############..
##.###.##@# ##. ##.##
##.#g# #. #.## ##..# #.
##.##
##.##################
##.###?###.........).....#
##<#>## #.###.....).)##.#
##)## #.# #.######.##.#
#.#####.###.## #.##.#
#............# #.##.#


You could see a gnoll.

Vanquished Creatures
  Sigmund (D:2)
  2 ogres
  13 scorpions (Ossuary)
  A howler monkey (D:4)
  Crazy Yiuf (D:2)
  3 human zombies (Ossuary)
  An orc wizard (D:4)
  An orc priest (D:4)
  Natasha (thrice) (D:2)
  4 worker ants
  A big kobold zombie (Ossuary)
  3 mummies (Ossuary)
  A gnoll (D:4)
  2 adders (D:2)
  4 scorpion zombies (Ossuary)
  An ooze (D:1)
  An adder zombie (D:5)
  An adder skeleton (D:5)
  A worm (D:3)
  A dart slug (D:1)
  5 leopard geckos
  9 orcs
  3 giant cockroaches
  4 gnoll zombies (Ossuary)
  9 goblins
  9 hobgoblins
  5 jackals
  A quokka (D:5)
  2 ball pythons
  6 bats
  4 frilled lizards
  6 goblin zombies
  3 hobgoblin zombies (Ossuary)
  A jackal zombie (D:5)
  9 kobolds
  A leopard gecko skeleton (D:4)
  An orc zombie (Ossuary)
  8 rats
132 creatures vanquished.

Vanquished Creatures (others)
  An adder (D:5)
  A dart slug (D:5)
  A jackal (D:5)
3 creatures vanquished.

Grand Total: 135 creatures vanquished

Notes
Turn   | Place    | Note
-------+----------+-------------------------------------------
     0 | Abyss:1  | Gabide the Human Abyssal Knight began the quest for the
                  | Orb.
     0 | Abyss:1  | Reached XP level 1. HP: 18/18 MP: 2/2
    43 | Abyss:1  | Found a corrupted altar of Lugonu.
    49 | Abyss:1  | Noticed a large abomination
    50 | D:1      | Escaped the Abyss
   291 | D:1      | Reached * piety under Lugonu
   291 | D:1      | Reached XP level 2. HP: 24/24 MP: 3/3
   637 | D:1      | Reached XP level 3. HP: 29/29 MP: 4/4
  1014 | D:2      | Noticed Natasha
  1029 | D:2      | Killed Natasha
  1029 | D:2      | Reached XP level 4. HP: 25/35 MP: 4/6
  1494 | D:2      | Noticed Natasha
  1505 | D:2      | Killed Natasha
  1511 | D:2      | Reached XP level 5. HP: 11/42 MP: 7/7
  1769 | D:2      | Noticed Natasha
  2057 | D:2      | Killed Natasha
  2149 | D:2      | Noticed Sigmund
  2380 | D:3      | Reached ** piety under Lugonu
  2566 | D:2      | HP: 3/63 [something (6)]
  2566 | D:2      | HP: 1/63 [something (2)]
  2576 | D:2      | Killed Sigmund
  2576 | D:2      | Reached XP level 6. HP: 3/48 MP: 8/8
  3026 | D:2      | Found a runed translucent door.
  3027 | D:2      | Noticed Crazy Yiuf
  3031 | D:2      | Killed Crazy Yiuf
  3125 | D:2      | Found an iron altar of Okawaru.
  3330 | D:3      | Reached XP level 7. HP: 47/54 MP: 9/9
  4489 | D:4      | Found Retuid's Armour Boutique.
  4492 | D:4      | Found a sand-covered staircase.
  4520 | Ossuary  | Entered an ossuary
  4531 | Ossuary  | Reached skill level 1 in Axes
  4633 | Ossuary  | Reached skill level 2 in Axes
  4799 | Ossuary  | Reached skill level 3 in Axes
  4980 | Ossuary  | Reached XP level 8. HP: 38/61 MP: 11/11
  5254 | Ossuary  | Reached skill level 4 in Axes
  5390 | Ossuary  | Reached *** piety under Lugonu
  5455 | Ossuary  | Reached skill level 5 in Axes
  6011 | D:4      | Found a shattered altar of Ashenzari.
  6011 | D:4      | Found a shimmering blue altar of Sif Muna.
  6417 | D:5      | Entered Level 5 of the Dungeon
  6452 | D:5      | Reached skill level 5 in Invocations
  6452 | D:5      | Reached XP level 9. HP: 42/67 MP: 12/12
  6629 | D:5      | Found a basalt altar of Yredelemnul.
  6642 | D:5      | Reached skill level 6 in Axes
  6750 | D:4      | Reached skill level 5 in Fighting
  6916 | D:4      | Slain by a gnoll

Illustrated notes

Levels and vault maps discovered:
D:1:      giann_forest_graveyard, layout_basic
D:2:      layout_loops_ring, okawaru_metal_pillars_1_2, uniq_sigmund,
          uniq_natasha, uniq_crazy_yiuf_cottage
D:3:      layout_loops_ring, chequers_big_river
D:4:      layout_loops_ring, gammafunk_temple_overflow_elements,
          enter_ossuary_3, serial_shops, shop
D:5:      layout_cave_pools, lemuel_crystal_altar, xom_confusion_cloud,
          first_ration

Skill      XL: |  1  2  3  4  5  6  7  8  9 |
---------------+----------------------------+-----
Polearms       | 3 4 |  4.1
Invocations    | 3 4 5 |  5.1
Fighting       | 4 5 |  5.1
Armour         | 3 |  3.9
Dodging        | 2 3 |  3.1
Axes           | 3 5 6 |  6.3
Throwing       | |  0.4
Stealth        | |  0.5
Evocations     | |  0.2

Action                   |  1- 3 |  4- 6 |  7- 9 || total
-------------------------+-------+-------+-------++-------
Melee: Spear             |    95 |   149 |       ||   244
       Scythe            |       |    14 |    13 ||    27
       War axe           |       |       |   243 ||   243
Throw: Throwing net      |       |     3 |     1 ||     4
Invok: Depart the Abyss  |     1 |       |       ||     1
       Bend Space        |       |       |     1 ||     1
Evoke: Wand              |       |       |     5 ||     5
  Use: Scroll            |     3 |     5 |    13 ||    21
       Potion            |       |     6 |     5 ||    11
 Stab: Sleeping          |       |     1 |       ||     1
       Distracted        |       |       |     1 ||     1
       Held in net/web   |       |       |     1 ||     1
  Eat: Chunk             |       |     4 |     8 ||    12
       Ration            |       |     1 |     1 ||     2
Armor: Leather armour    |    11 |    38 |    74 ||   123
       Chain mail        |    15 |       |       ||    15
       Skin              |       |     9 |       ||     9
Dodge: Dodged            |    39 |    73 |   199 ||   311
